 Dungeon Crawl Stone Soup version 0.28.0-43-g3370ac3207 (webtiles) character file.

Game seed: 13300093941040303781

2 experimilk the Grasshopper (level 1, -5/17 HPs)
             Began as a Palentonga Warper on Mar 19, 2022.
             Slain by a gnoll
             ... wielding a +0 whip
              (9 damage)
             ... on level 1 of the Dungeon.
             The game lasted 00:00:18 (22 turns).

experimilk the Grasshopper (Palentonga Warper)        Turns: 22, Time: 00:00:18

Health: -5/17      AC:  4    Str: 14    XL:     1   Next: 33%
Magic:  3/3        EV:  9    Int: 13    God:
Gold:   0          SH:  0    Dex:  9    Spells: 4/4 levels left

rFire   . . .      SeeInvis +   a - +0 hand axe
rCold   . . .      Faith    .   (no shield)
rNeg    . . .      Spirit   .   b - +0 leather armour
rPois   .          Reflect  .   (no helmet)
rElec   .          Harm     .   (no cloak)
rCorr   .          Rampage  .   (no gloves)
Will    .....                   (no barding)
Stlth   +.........              (no amulet)
HPRegen 0.05/turn               (no ring)
MPRegen 0.08/turn               (no ring)

@: no status effects
A: large, rugged brown scales 3, see invisible, deformed body, roll 1, armoured
tail
a: Rolling Charge


You were on level 1 of the Dungeon.
You visited 1 branch of the dungeon, and saw 1 of its levels.

Inventory:

Hand Weapons
 a - a +0 hand axe (weapon)
Missiles
 d - 5 boomerangs of dispersal (quivered)
Armour
 b - a +0 leather armour (worn)
Scrolls
 c - a scroll of blinking


   Skills:
 - Level 2.0 Fighting
 * Level 2.2 Axes
 - Level 0.6 Throwing
 - Level 0.7 Armour
 - Level 1.5 Dodging
 - Level 2.0 Spellcasting
 - Level 3.0 Translocations


You had 4 spell levels left.
You didn't know any spells.
Your spell library contained the following spells:

 Spells                   Type           Power      Damage    Failure   Level
 Blink                    Tloc           18%        N/A       14%         2
 Gell's Gravitas          Tloc           9%         N/A       28%         3
 Lesser Beckoning         Tloc           9%         N/A       28%         3
 Teleport Other           Tloc           9%         N/A       28%         3
 Manifold Assault         Tloc           9%         N/A       95%         5


Dungeon Overview and Level Annotations

Branches:
Dungeon (1/15)

Altars:


Innate Abilities, Weirdness & Mutations

You are completely covered in rugged brown scales. (AC +3, +7% HP)
You have supernaturally acute eyesight. (SInv)
Armour fits poorly on your strangely shaped body.
You can roll at nearby foes to attack.
You have a long armoured tail.


Message History

Welcome, experimilk the Palentonga Warper.
They say the Orb of Zot lies within this dungeon, but they say a lot of things.
Press ? for a list of commands and other information.
Found an escape hatch in the floor.
Found a staircase leading out of the dungeon.
You open the door.
There is an open door here.
You open the door. You open the door. You open the door.
There is an open door here.
A dart slug comes into view.
The dart slug launches a dart at you. The slug dart hits you.
Roll where?
Press: ? - help, Dir - move target, f - dart slug
Aim: a dart slug You roll forward with a clatter of scales!
A dart slug comes into view.
Found 4 gold pieces.
You hit the dart slug. You punch the dart slug.
You kill the dart slug!
You hear a shout! x2
A kobold comes into view. It is wielding a +0 whip.
A gnoll comes into view. It is wielding a +0 whip.
A ball python comes into view.
You barely miss the gnoll. The gnoll hits you with a +0 whip.
You closely miss the gnoll.
An endoplasm comes into view.
The gnoll hits you with a +0 whip.
You barely miss the gnoll. The gnoll hits you with a +0 whip.
You hit the gnoll.
Your tail-slap misses the gnoll.
The gnoll is moderately wounded.
The gnoll hits you with a +0 whip.
* * * LOW HITPOINT WARNING * * *
The gnoll hits you with a +0 whip!
Ouch! That really hurt!
You die...

#......# $..K
#......##...
#........w. .........
#......# ##### #......#
... #......#### #.#
#.....wg@.###'###
###..J.S#.'.....#
.........#.#'#.#'###+#
#.....#####.+.#.#.....#
#..... ###.#.#..<..#
#..... #.###..>..#
#..... #.# #.....#
#..... +.# +.....# #+#
#####+#


You could see a gnoll, a dart slug, an endoplasm and a ball python.

Vanquished Creatures
  A dart slug (D:1)
1 creature vanquished.

Notes
Turn   | Place    | Note
-------+----------+-------------------------------------------
     0 | D:1      | experimilk the Palentonga Warper began the quest for the
                  | Orb.
     0 | D:1      | Reached XP level 1. HP: 17/17 MP: 3/3
    22 | D:1      | Slain by a gnoll

Illustrated notes

Levels and vault maps discovered:
D:1:      shiori_arrival_maze, layout_basic,
          hellmonk_ecumenical_altar_watching_god

Action                   || total
-------------------------++-------
Melee: Hand axe          ||     5
       Punch             ||     1
 Abil: Rolling Charge    ||     1
